SKY
SEATTLE MARINERS @ CALIFORNIA ANGELS
09/01/2052
 
TOP OF THE 1ST
Seattle Mariners batting - Pitching for California Angels : RHP Ralph Mayes
Pitching: RHP Ralph Mayes
Batting: RHB Jacob Cole 0-0: Called Strike
0-1: Ball
1-1: Fly out, F3 (Popup, 3SF, EV 86.9 MPH)
Batting: LHB Norman Visser 0-0: Ball
1-0: Ball
2-0: Ball
3-0: Called Strike
3-1: Foul Ball, location: 2F
3-2: Base on Balls
Batting: RHB Bobby Brundage 0-0: Ball
1-0: Ball
2-0: SINGLE (Groundball, 6MS, EV 65.6 MPH) (infield hit)
Norman Visser to second
Batting: LHB Landon Ramsburg 0-0: Foul Ball, location: 2F
0-1: Foul Ball, location: 2F
0-2: Ball
1-2: Ball
2-2: Foul Ball, location: 2F
2-2: Ball
3-2: SINGLE (Line Drive, 78S, EV 93.1 MPH)
Norman Visser to third
Bobby Brundage to second
Batting: RHB Alexis Loya 0-0: Called Strike
0-1: Ball
1-1: Ball
2-1: Grounds into double play, 5-4-3 (Groundball, 56D, EV 98.8 MPH)
Top of the 1st over - 0 runs, 2 hits, 0 errors, 2 left on base; Seattle 0 - California 0
BOTTOM OF THE 1ST
California Angels batting - Pitching for Seattle Mariners : RHP Elijah Siddall
Pitching: RHP Elijah Siddall
Batting: RHB Kymani Whitley 0-0: Ball
1-0: Swinging Strike
1-1: Foul Ball, location: 5F
1-2: Strikes out swinging
Batting: RHB River Grote 0-0: Ball
1-0: SOLO HOME RUN (Flyball, 8LXD, EV 103.8 MPH), Distance : 416 ft
Batting: LHB Skyler Angelillo 0-0: Ball
1-0: Swinging Strike
1-1: Single, Error in OF, E8, batter to second base (Line Drive, 89S, EV 94.4 MPH)
Batting: LHB Adrian Phillips 0-0: Ball
1-0: Foul Ball, location: 2F
1-1: Called Strike
1-2: Foul Ball, location: 5F
1-2: Ground out 4-3 (Groundball, 4, EV 85.6 MPH)
Skyler Angelillo to third
Batting: RHB Luke Storey 0-0: Ball
1-0: Ball
2-0: Called Strike
2-1: Ground out 6-3 (Groundball, 6, EV 86.9 MPH)
Bottom of the 1st over - 1 run, 2 hits, 1 error, 1 left on base; Seattle 0 - California 1
TOP OF THE 2ND
Seattle Mariners batting - Pitching for California Angels : RHP Ralph Mayes
Batting: LHB Kent Niemann 0-0: Called Strike
0-1: Ball
1-1: Ball
2-1: Fly out, F7 (Flyball, 7, EV 82.5 MPH)
Batting: RHB James Victor 0-0: Ball
1-0: Ball
2-0: Called Strike
2-1: Foul Ball, location: 9LSF
2-2: Ball
3-2: Strikes out swinging
Batting: RHB Amory Friedli 0-0: Called Strike
0-1: Called Strike
0-2: Strikes out swinging
Top of the 2nd over - 0 runs, 0 hits, 0 errors, 0 left on base; Seattle 0 - California 1
BOTTOM OF THE 2ND
California Angels batting - Pitching for Seattle Mariners : RHP Elijah Siddall
Batting: LHB Tracy Dyer 0-0: Ground out 4-3 (Groundball, 4M, EV 93.8 MPH)
Batting: LHB Wilfredo Ocanas 0-0: Ball
1-0: SINGLE (Groundball, 34S, EV 85.6 MPH)
Batting: RHB Isaac Keenan 0-0: Foul Ball, location: 2F
0-1: Ball
1-1: Ball
Wilfredo Ocanas is caught stealing 2nd base 2-4
2-1: Ground out 5-3 (Groundball, 5, EV 80.0 MPH)
Bottom of the 2nd over - 0 runs, 1 hit, 0 errors, 0 left on base; Seattle 0 - California 1
TOP OF THE 3RD
Seattle Mariners batting - Pitching for California Angels : RHP Ralph Mayes
Batting: RHB Ty Moss 0-0: Ball
1-0: Ball
2-0: Called Strike
2-1: Fly out, F8 (Flyball, 8LD, EV 108.1 MPH)
Batting: RHB Jacob Cole 0-0: Foul Ball, location: 2F
0-1: Called Strike
0-2: Strikes out swinging
Batting: LHB Norman Visser 0-0: Ball
1-0: Called Strike
1-1: SINGLE (Line Drive, 8LS, EV 85.6 MPH)
Batting: RHB Bobby Brundage 0-0: Called Strike
0-1: Called Strike
Norman Visser steals 2nd base
0-2: Foul Ball, location: 2F
0-2: Foul Ball, location: 2F
0-2: Ball
1-2: DOUBLE (Line Drive, 89M, EV 103.8 MPH)
Norman Visser scores
Batting: LHB Landon Ramsburg 0-0: Called Strike
0-1: Ball
1-1: Foul Ball, location: 2F
1-2: Strikes out swinging
Top of the 3rd over - 1 run, 2 hits, 0 errors, 1 left on base; Seattle 1 - California 1
BOTTOM OF THE 3RD
California Angels batting - Pitching for Seattle Mariners : RHP Elijah Siddall
Batting: LHB Drury Robinson 0-0: Ball
1-0: Foul Ball, location: 3DF
1-1: Ball
2-1: Ground out 4-3 (Groundball, 4, EV 100.0 MPH)
Batting: RHB Kymani Whitley 0-0: Ball
1-0: Ball
2-0: DOUBLE (Line Drive, 89XD, EV 109.4 MPH)
Batting: RHB River Grote 0-0: Ball
1-0: Swinging Strike
1-1: Ground out 5-3 (Groundball, 56, EV 99.4 MPH)
Batting: LHB Skyler Angelillo 0-0: Called Strike
0-1: Ball
1-1: Ball
2-1: Ground out U3 (Groundball, 23, EV 88.1 MPH)
Bottom of the 3rd over - 0 runs, 1 hit, 0 errors, 1 left on base; Seattle 1 - California 1
TOP OF THE 4TH
Seattle Mariners batting - Pitching for California Angels : RHP Ralph Mayes
Batting: RHB Alexis Loya 0-0: Ball
1-0: Fly out, F2 (Popup, 2LF, EV 85.6 MPH)
Batting: LHB Kent Niemann 0-0: Ball
1-0: Ball
2-0: Called Strike
2-1: Ball
3-1: Base on Balls
Batting: RHB James Victor 0-0: Grounds into double play, 5-4-3 (Groundball, 5S, EV 83.8 MPH)
Top of the 4th over - 0 runs, 0 hits, 0 errors, 0 left on base; Seattle 1 - California 1
BOTTOM OF THE 4TH
California Angels batting - Pitching for Seattle Mariners : RHP Elijah Siddall
Batting: LHB Adrian Phillips 0-0: Called Strike
0-1: Ball
1-1: Ball
2-1: Ground out 6-3 (Groundball, 6, EV 90.6 MPH)
Batting: RHB Luke Storey 0-0: Called Strike
0-1: Ball
1-1: SINGLE (Line Drive, 89S, EV 100.6 MPH)
Batting: LHB Tracy Dyer 0-0: Ball
1-0: Swinging Strike
1-1: Called Strike
1-2: DOUBLE (Line Drive, 78D, EV 108.1 MPH)
Luke Storey to third
Batting: LHB Wilfredo Ocanas 0-0: Fly out, F9 (Flyball, 9S, EV 85.6 MPH)
Batting: RHB Isaac Keenan 0-0: Called Strike
0-1: Foul Ball, location: 2F
0-2: Strikes out swinging
Bottom of the 4th over - 0 runs, 2 hits, 0 errors, 2 left on base; Seattle 1 - California 1
TOP OF THE 5TH
Seattle Mariners batting - Pitching for California Angels : RHP Ralph Mayes
Batting: RHB Amory Friedli 0-0: Ball
1-0: Called Strike
1-1: SINGLE (Line Drive, 4MD, EV 103.1 MPH)
Batting: RHB Ty Moss 0-0: Ball
1-0: Ball
2-0: Sac Bunt to 13S - play at first, batter OUT! 1-3
Amory Friedli to second
Batting: RHB Jacob Cole 0-0: Ball
1-0: Ball
2-0: Fly out, F9 (Flyball, 9, EV 96.9 MPH)
Batting: LHB Norman Visser 0-0: Called Strike
0-1: Ground out 6-3 (Groundball, 6, EV 88.1 MPH)
Top of the 5th over - 0 runs, 1 hit, 0 errors, 1 left on base; Seattle 1 - California 1
BOTTOM OF THE 5TH
California Angels batting - Pitching for Seattle Mariners : RHP Elijah Siddall
Batting: LHB Drury Robinson 0-0: Called Strike
0-1: Ball
1-1: Foul Ball, location: 2F
1-2: Foul Ball, location: 2F
1-2: Fly out, F7 (Flyball, 7S, EV 71.3 MPH)
Batting: RHB Kymani Whitley 0-0: SINGLE (Groundball, 6MD, EV 98.1 MPH) (infield hit)
Batting: RHB River Grote 0-0: Ball
1-0: Ball
2-0: Ball
3-0: Called Strike
3-1: Called Strike
3-2: Foul Ball, location: 2F
3-2: Base on Balls
Kymani Whitley to second
Batting: LHB Skyler Angelillo 0-0: Foul Ball, location: 25F
0-1: Ball
1-1: Foul Ball, location: 2F
1-2: Ball
2-2: Foul Ball, location: 3F
2-2: Fly out, F8 (Flyball, 8RM, EV 76.9 MPH)
Batting: LHB Adrian Phillips 0-0: Hit by Pitch
Kymani Whitley to third
River Grote to second
Batting: RHB Luke Storey 0-0: Fly out, F8 (Flyball, 8LM, EV 91.3 MPH)
Bottom of the 5th over - 0 runs, 1 hit, 0 errors, 3 left on base; Seattle 1 - California 1
TOP OF THE 6TH
Seattle Mariners batting - Pitching for California Angels : RHP Ralph Mayes
Batting: RHB Bobby Brundage 0-0: Called Strike
0-1: Foul Ball, location: 2F
0-2: Foul Ball, location: 2F
0-2: Ball
1-2: Ball
2-2: Ball
3-2: Foul Ball, location: 7LSFF
3-2: Foul Ball, location: 23F
3-2: Foul Ball, location: 2F
3-2: Strikes out swinging
Batting: LHB Landon Ramsburg 0-0: Swinging Strike
0-1: Called Strike
0-2: Ball
1-2: Strikes out looking
Batting: RHB Alexis Loya 0-0: Called Strike
0-1: Called Strike
0-2: Ball
1-2: Foul Ball, location: 5FF
1-2: Ground out 5-3 (Groundball, 56S, EV 71.9 MPH)
Top of the 6th over - 0 runs, 0 hits, 0 errors, 0 left on base; Seattle 1 - California 1
BOTTOM OF THE 6TH
California Angels batting - Pitching for Seattle Mariners : RHP Elijah Siddall
Batting: LHB Tracy Dyer 0-0: Foul Ball, location: 9LMF
0-1: SINGLE (Flyball, 89S, EV 91.3 MPH)
Batting: LHB Wilfredo Ocanas 0-0: Foul Ball, location: 2F
0-1: SINGLE (Line Drive, 4D, EV 98.8 MPH)
Tracy Dyer to second
Runner from 2nd tries for 3rd, SAFE, no throw by CF
Pinch Hitting: LHB Sebastian Hines 0-0: Called Strike
0-1: Called Strike
0-2: Ball
1-2: Ball
2-2: Foul Ball, location: 3FF
2-2: Strikes out swinging
Batting: LHB Drury Robinson 0-0: Called Strike
0-1: Called Strike
0-2: Strikes out swinging
Batting: RHB Kymani Whitley 0-0: Called Strike
0-1: Fly out, F3 (Popup, 3S, EV 78.1 MPH)
Bottom of the 6th over - 0 runs, 2 hits, 0 errors, 2 left on base; Seattle 1 - California 1
TOP OF THE 7TH
Seattle Mariners batting - Pitching for California Angels : RHP Ralph Mayes
Now at 2B: Drury Robinson
Now at SS: Pirro Moran
Batting: LHB Kent Niemann 0-0: Ball
1-0: Called Strike
1-1: Called Strike
1-2: Ground out 4-3 (Groundball, 4M, EV 85.0 MPH)
Pinch Hitting: SHB Hugo Castillo 0-0: Swinging Strike
0-1: Ball
1-1: Ball
2-1: SINGLE (Line Drive, 4MD, EV 109.4 MPH)
Pitching: RHP Marc Bernal
Batting: RHB Amory Friedli 0-0: Ball
1-0: Foul Ball, location: 23F
1-1: Foul Ball, location: 5SF
1-2: SINGLE (Groundball, 4MD, EV 104.4 MPH)
Hugo Castillo to second
Pinch Hitting: LHB Dickie Pierce 0-0: Foul Ball, location: 2F
0-1: Foul Ball, location: 2F
0-2: Strikes out swinging
Batting: RHB Jacob Cole 0-0: Ball
1-0: Foul Ball, location: 2F
1-1: Called Strike
1-2: Ball
2-2: Fly out, F8 (Flyball, 8LXD, EV 84.4 MPH)
Top of the 7th over - 0 runs, 2 hits, 0 errors, 2 left on base; Seattle 1 - California 1
BOTTOM OF THE 7TH
California Angels batting - Pitching for Seattle Mariners : RHP Elijah Siddall
Now at 2B: Hugo Castillo
Now at SS: Anthony Gelin
Batting: RHB River Grote 0-0: Called Strike
0-1: Called Strike
0-2: Ball
1-2: Strikes out swinging
Batting: LHB Skyler Angelillo 0-0: Ball
1-0: Swinging Strike
1-1: Called Strike
1-2: Foul Ball, location: 2F
1-2: Ground out 4-3 (Groundball, 34, EV 83.1 MPH)
Batting: LHB Adrian Phillips 0-0: Hit by Pitch
Pitching: LHP Adam Keef
Batting: RHB Luke Storey 0-0: Ball
1-0: Foul Ball, location: 9LSF
1-1: Foul Ball, location: 9LMF
1-2: Strikes out swinging
Bottom of the 7th over - 0 runs, 0 hits, 0 errors, 1 left on base; Seattle 1 - California 1
TOP OF THE 8TH
Seattle Mariners batting - Pitching for California Angels : RHP Marc Bernal
Batting: LHB Norman Visser 0-0: Called Strike
0-1: Fly out, F9 (Flyball, 89D, EV 101.3 MPH)
Batting: RHB Bobby Brundage 0-0: Ground out 6-3 (Groundball, 6, EV 100.0 MPH)
Batting: LHB Landon Ramsburg 0-0: Called Strike
0-1: Ball
1-1: Ball
2-1: Foul Ball, location: 2F
2-2: SOLO HOME RUN (Flyball, 9D, EV 98.1 MPH), Distance : 368 ft
Batting: RHB Alexis Loya 0-0: Ball
1-0: Ball
2-0: Foul Ball, location: 9LMF
2-1: Ball
3-1: Foul Ball, location: 2F
3-2: Strikes out swinging
Top of the 8th over - 1 run, 1 hit, 0 errors, 0 left on base; Seattle 2 - California 1
BOTTOM OF THE 8TH
California Angels batting - Pitching for Seattle Mariners : LHP Adam Keef
Pinch Hitting: RHB Reed Sinclair 0-0: Fly out, F4 (Popup, 13, EV 75.6 MPH)
Batting: SHB Michael Dodson 0-0: Swinging Strike
0-1: Called Strike
0-2: Ball
1-2: SINGLE (Flyball, 8LS, EV 92.5 MPH)
Batting: LHB Pirro Moran 0-0: Called Strike
0-1: Fly out, F7 (Line Drive, 7, EV 90.0 MPH)
Batting: LHB Drury Robinson 0-0: Ball
1-0: Foul Ball, location: 2F
1-1: Fly out, F8 (Flyball, 8RM, EV 97.5 MPH)
Bottom of the 8th over - 0 runs, 1 hit, 0 errors, 1 left on base; Seattle 2 - California 1
TOP OF THE 9TH
Seattle Mariners batting - Pitching for California Angels : RHP Marc Bernal
Now in LF: Reed Sinclair
Batting: LHB Kent Niemann 0-0: Ball
1-0: Swinging Strike
1-1: Ball
2-1: Swinging Strike
2-2: Foul Ball, location: 7LSF
2-2: Ball
3-2: Strikes out looking
Pitching: RHP Patrick Class
Batting: SHB Hugo Castillo 0-0: Ball
1-0: Ball
2-0: Ground out U3 (Groundball, 3S, EV 71.9 MPH)
Batting: RHB Amory Friedli 0-0: Ground out 5-3 (Groundball, 56, EV 105.6 MPH)
Top of the 9th over - 0 runs, 0 hits, 0 errors, 0 left on base; Seattle 2 - California 1
BOTTOM OF THE 9TH
California Angels batting - Pitching for Seattle Mariners : LHP Adam Keef
Pitching: RHP Gaman Ramage
Batting: RHB Kymani Whitley 0-0: Called Strike
0-1: Ball
1-1: Ball
2-1: Ball
3-1: SOLO HOME RUN (Flyball, 8LXD, EV 105.0 MPH), Distance : 405 ft
Batting: RHB River Grote 0-0: Called Strike
0-1: Ball
1-1: Ground out 6-3 (Groundball, 6, EV 85.6 MPH)
Batting: LHB Skyler Angelillo 0-0: Foul Ball, location: 2F
0-1: Ground out 4-3 (Groundball, 3D, EV 80.0 MPH)
Batting: LHB Adrian Phillips 0-0: Ball
1-0: Ball
2-0: Called Strike
2-1: Swinging Strike
2-2: Foul Ball, location: 7LDF
2-2: Foul Ball, location: 23F
2-2: Ball
3-2: Base on Balls
Batting: RHB Luke Storey 0-0: Fielders Choice at 2nd, U4 (Groundball, 4M, EV 86.9 MPH)
Bottom of the 9th over - 1 run, 1 hit, 0 errors, 1 left on base; Seattle 2 - California 2
TOP OF THE 10TH
Seattle Mariners batting - Pitching for California Angels : RHP Patrick Class
Batting: RHB Anthony Gelin 0-0: Swinging Strike
0-1: Called Strike
0-2: Ball
1-2: Ball
2-2: Ball
3-2: Strikes out swinging
Batting: RHB Jacob Cole 0-0: Ball
1-0: Ball
2-0: Foul Ball, location: 9LSF
2-1: Foul Ball, location: 9LSF
2-2: Strikes out swinging
Batting: LHB Norman Visser 0-0: Called Strike
0-1: Ball
1-1: Ball
2-1: Called Strike
2-2: Fly out, F5 (Popup, 56S, EV 72.5 MPH)
Top of the 10th over - 0 runs, 0 hits, 0 errors, 0 left on base; Seattle 2 - California 2
BOTTOM OF THE 10TH
California Angels batting - Pitching for Seattle Mariners : RHP Gaman Ramage
Batting: RHB Reed Sinclair 0-0: Fly out, F3 (Popup, 3SF, EV 65.0 MPH)
Batting: SHB Michael Dodson 0-0: SINGLE (Groundball, 6MD, EV 96.9 MPH)
Batting: LHB Pirro Moran 0-0: DOUBLE (Flyball, 8LD, EV 110.6 MPH)
Michael Dodson to third
Runner from 3rd tries for Home, SAFE, throw by CF to home
Bottom of the 10th over - 1 run, 2 hits, 0 errors, 1 left on base; Seattle 2 - California 3
Sunday, May 5th , 2024 - OOTP Baseball 24.11 Build 85